 Dungeon Crawl Stone Soup version 0.31-a0-986-g5e6e4ef867 (webtiles) character file.

Game seed: 10299809756967001915

518 DocClef the Ruffian (level 7, 0/44 HPs)
             Began as a Gargoyle Shapeshifter on Nov 6, 2023.
             Slain by a gnoll bouda
             ... wielding a +0 whip
              (3 damage)
             ... on level 5 of the Dungeon.
             The game lasted 00:04:09 (3768 turns).

DocClef the Ruffian (Gargoyle Shapeshifter)         Turns: 3768, Time: 00:04:09

Health: 0/44       AC: 12    Str: 20    XL:     7   Next: 21%
Magic:  7/7        EV:  8    Int: 10    God:
Gold:   156        SH:  0    Dex:  9    Spells: 6/6 levels left

rFire   . .          .
                       - Unarmed
rCold   . . .        (no shield)
rNeg    + . .        n - +0 chain mail
rPois   ∞            (helmet currently unavailable)
rElec   +            (cloak currently unavailable)
rCorr   .            (gloves currently unavailable)
SInv    .            (boots currently unavailable)
Will    .....        (no amulet) Stlth
                     (no ring)
HPRegen 0.27/turn    (no ring)
MPRegen 0.10/turn

%: no passive effects
@: beast-form
A: beast (slay +2), sickness immunity, AC +4, negative energy resistance 1,
electricity resistance, torment resistance 1, petrification resistance
a: Begin Untransformation


You were on level 5 of the Dungeon.
You were a hulking beast.
You visited 1 branch of the dungeon, and saw 5 of its levels.

You collected 156 gold pieces.

Inventory:

Armour
 n - a +0 chain mail (worn)
Talismans
 c - a beast talisman
 d - a flux talisman
Scrolls
 a - a scroll of torment {unknown}
 e - 5 scrolls of identify {unknown}
 i - a scroll of acquirement {unknown}
 j - 3 scrolls of fear {unknown}
 k - a scroll of enchant weapon {unknown}
Potions
 b - a potion of lignification
 f - a potion of ambrosia {unknown}
 g - 2 potions of haste {unknown}
 h - 2 potions of degeneration {unknown}
 l - a potion of brilliance {unknown}
 m - a potion of might {unknown}
 o - a potion of magic {unknown}


   Skills:
 + Level 4.7 Fighting
 - Level 1.5 Dodging
 + Level 5.1 Unarmed Combat
 + Level 4.0 Shapeshifting


You had 6 spell levels left.
You didn't know any spells.
Your spell library contained the following spells:

 Spells                   Type           Power      Damage    Failure   Level
 Blink                    Tloc           0%         N/A       99%         2
 Lesser Beckoning         Tloc           0%         N/A       99%         2
 Momentum Strike          Conj/Tloc      0%         3d8       99%         2
 Scorch                   Fire           0%         2d5       99%         2
 Summon Guardian Golem    Hex/Summ       0%         N/A       100%        3
 Flame Wave               Conj/Fire      0%         2d4       100%        4
 Summon Cactus Giant      Summ           0%         N/A       100%        6
 Orb of Destruction       Conj           0%         9d5       100%        7
 Spellforged Servitor     Conj/Summ      0%         N/A       100%        7


Dungeon Overview and Level Annotations

Branches:
Dungeon (5/15)
 Temple: D:4-7

Altars:
Ashenzari
Fedhas
Qazlal
Wu Jian

Shops:
D:2 (   D:3 (   D:4 ?


Innate Abilities, Weirdness & Mutations

You are a hulking beast.
Your limbs bulge with bestial killing power. (Slay +2)
You are immune to sickness and miasma.
Your stone body is resilient. (AC +4)
You are immune to poison.
You resist negative energy. (rN+)
You are resistant to electric shocks. (rElec)
You are resistant to unholy torment.
You are immune to petrification.


Message History

You barely miss the gnoll.
The gnoll bouda gazes fiercely through you!
You feel your attacks grow feeble. The gnoll barely misses you.
You closely miss the gnoll. The gnoll closely misses you.
You hit the gnoll bouda.
The gnoll bouda is lightly wounded.
The gnoll hits you from afar with a +0 spear.
You hit the gnoll bouda but do no damage.
The gnoll bouda is lightly wounded.
The gnoll bouda barely misses you.
You hit the gnoll bouda but do no damage.
The gnoll bouda is lightly wounded.
The gnoll barely misses you. The gnoll bouda barely misses you.
You hit the gnoll bouda but do no damage.
The gnoll bouda is lightly wounded.
The gnoll hits you from afar with a +0 spear.
The gnoll bouda hits you with a +0 whip.
You hit the gnoll bouda but do no damage.
The gnoll bouda is lightly wounded.
The gnoll barely misses you. The gnoll bouda barely misses you.
You closely miss the gnoll bouda.
The gnoll bouda is lightly wounded.
Your attacks no longer feel as feeble.
The gnoll hits you but does no damage.
The gnoll bouda hits you with a +0 whip!
You are too injured to fight recklessly!
You punch the gnoll bouda!
The gnoll bouda is heavily wounded.
The gnoll hits you from afar with a +0 spear.
The gnoll bouda hits you with a +0 whip.
* * * LOW HITPOINT WARNING * * *
You hit the gnoll bouda. Your punch misses the gnoll bouda.
The gnoll bouda is severely wounded.
The gnoll hits you but does no damage.
The gnoll bouda hits you with a +0 whip!
* * * LOW HITPOINT WARNING * * *
The gnoll bouda attacks as it pursues you!
The gnoll bouda hits you with a +0 whip.
You die...

#.#
#..
#.#
#.#.#
#g#.#
#g#.#
#.#.#
#g#.#
#h#.#
#.#.#
#...#
###.#
#.#
#.#
#.#
#.##
#..#


You could see a gnoll bouda and 2 gnolls.

Vanquished Creatures
  A black bear (D:5)
  2 phantoms
  A hound (D:5)
  An orc priest (D:4)
  An iguana (D:5)
  Robin (D:3)
  3 gnolls (D:5)
  5 adders
  2 worms
  13 orcs
  4 endoplasms
  3 giant cockroaches
  13 goblins
  11 hobgoblins
  2 jackals (D:2)
  3 quokkas
  7 ball pythons
  4 bats
  5 frilled lizards
  7 kobolds
  2 rats
91 creatures vanquished.

Notes
Turn   | Place    | Note
-------+----------+-------------------------------------------
     0 | D:1      | DocClef the Gargoyle Shapeshifter began the quest for the
                  | Orb.
     0 | D:1      | Reached XP level 1. HP: 12/12 MP: 1/1
   224 | D:1      | Reached XP level 2. HP: 14/16 MP: 2/2
   625 | D:1      | Reached XP level 3. HP: 14/21 MP: 3/3
   935 | D:2      | Found Baqoasyu's Weapon Shop.
  1732 | D:2      | Reached XP level 4. HP: 14/27 MP: 4/4
  1999 | D:3      | Found an ornate altar of the Wu Jian Council.
  2156 | D:3      | Found Zuakopyl's Antique Weapon Shoppe.
  2368 | D:3      | Noticed Robin
  2403 | D:3      | Killed Robin
  2671 | D:4      | Found Dyfeoc's Magic Scroll Shoppe.
  2694 | D:4      | Reached XP level 5. HP: 31/32 MP: 5/5
  2719 | D:4      | Found a broken altar of Ashenzari.
  2733 | D:4      | Reached skill level 4 in Unarmed Combat
  2783 | D:4      | Found a stormy altar of Qazlal.
  2868 | D:3      | HP: 1/32 [orc/+0 whip (3)]
  3065 | D:4      | Identified the +3 dagger of the Endless Expanse {venom,
                  | Int+4}
  3325 | D:4      | Noticed a phantom
  3335 | D:4      | Killed a phantom
  3336 | D:4      | Reached XP level 6. HP: 34/38 MP: 6/6
  3399 | D:4      | Found a blossoming altar of Fedhas.
  3464 | D:5      | Entered Level 5 of the Dungeon
  3464 | D:5      | Noticed a black bear
  3480 | D:5      | Killed a black bear
  3582 | D:5      | Reached skill level 5 in Unarmed Combat
  3582 | D:5      | Reached XP level 7. HP: 41/44 MP: 7/7
  3768 | D:5      | Slain by a gnoll bouda

Illustrated notes

Levels and vault maps discovered:
D:1:      co_arrival_random_square_maze, layout_loops_ring
D:2:      layout_basic, serial_shops, nicolae_shop_bloodbath_and_beyond
D:3:      layout_loops_ring, nzn_wu_jian_council_hall, serial_shops, shop,
          minmay_misc_feat_cross, uniq_robin
D:4:      layout_loops_cross, marbit_many_paths, nicolae_overflow_hidden_temple,
          nicolae_overflow_crystal_walls, serial_shops, shop_fountains
D:5:      layout_loops_ring, nicolae_half_adder

Skill      XL: |  1  2  3  4  5  6  7 |
---------------+----------------------+-----
Fighting       | 2 3 4 |  4.7
Shapeshifting  | 3 4 |  4.0
Unarmed Combat | 4 5 |  5.1
Dodging        | |  1.5

Action                     |  1- 3 |  4- 6 |  7- 9 || total
---------------------------+-------+-------+-------++-------
  Melee: Unarmed           |   124 |   190 |    41 ||   355
         Punch             |     1 |     6 |       ||     7
   Stab: Sleeping          |       |     1 |       ||     1
 Armour: Animal skin       |    61 |    96 |       ||   157
         Chain mail        |       |    43 |    35 ||    78
  Dodge: Dodged            |    68 |    87 |    20 ||   175

Table legend: (Time is in decaauts)
 A = Elapsed time spent in this place.
 B = Non-inter-level travel time spent in this place.
 C = Inter-level travel time spent in this place.
 D = Time resting spent in this place.
 E = Time spent auto-exploring this place.
 F = Levels seen in this place.
 G = Mean time per level.
                   A        B        C        D        E       F      G
               +--------+--------+--------+--------+--------+-----+--------+
         Total |   3744 |   3650 |     94 |    396 |   2605 |   5 |  748.8 |
       Dungeon |   3744 |   3650 |     94 |    396 |   2605 |   5 |  748.8 |
               +--------+--------+--------+--------+--------+-----+--------+

Top non-repeatable levels by time:
     D:3: 971 daAuts
     D:1: 930 daAuts
     D:2: 914 daAuts
     D:4: 631 daAuts
     D:5: 296 daAuts
